 Dungeon Crawl Stone Soup version 0.22-a0-414-gacd343e (webtiles) character file.

11 Iko the Chopper (level 2, 0/25 HPs)
             Began as a Hill Orc Warper on May 13, 2018.
             Succumbed to an adder's poison
             ... on level 3 of the Dungeon.
             The game lasted 00:02:12 (214 turns).

Iko the Chopper (Hill Orc Warper)                    Turns: 214, Time: 00:02:15

Health: 0/25       AC:  4    Str: 13    XL:     2   Next: 25%
Magic:  4/4        EV: 11    Int: 13    God:
Gold:   44         SH:  0    Dex: 10    Spells: 4/4 levels left

rFire    . . .     SeeInvis .   h - -3 dagger (curse)
rCold    + . .     Gourm    .   (no shield)
rNeg     . . .     Faith    .   b - +0 leather armour
rPois    .         Spirit   .   (no helmet)
rElec    .         Reflect  .   g - +0 cloak
rCorr    .         Harm     .   (no gloves)
MR       .....                  (no boots)
Stlth    +.........             (no amulet)
HPRegen  0.08/turn              c - ring of protection from cold
MPRegen  0.09/turn              (no ring)

@: lethally poisoned (0 -> -5), very slightly contaminated
A: no striking features
a: no special abilities


You were on level 3 of the Dungeon.
You were not hungry.

You visited 1 branch of the dungeon, and saw 3 of its levels.

You collected 44 gold pieces.

Inventory:

Hand Weapons
 a - a +0 hand axe
 h - a cursed -3 dagger (weapon)
Missiles
 e - 5 tomahawks of dispersal (quivered)
Armour
 b - a +0 leather armour (worn)
 g - a +0 cloak (worn)
Jewellery
 c - a ring of protection from cold (left hand)
Scrolls
 d - a scroll of blinking
Comestibles
 f - a ration


   Skills:
 + Level 2.4 Fighting
 + Level 3.0 Axes
 + Level 0.8 Throwing
 + Level 1.3 Armour
 + Level 1.9 Dodging
 + Level 1.7 Spellcasting
   Level 2.4 Translocations


You had 4 spell levels left.
You didn't know any spells.
Your spell library contained the following spells:

 Spells                   Type           Power        Failure   Level  Hunger
 Teleport Other           Tloc           #.......     36%         3    ####...
 Blink                    Tloc           N/A          19%         2    ###....
 Passage of Golubria      Tloc           N/A          77%         4    #####..
 Shroud of Golubria       Chrm/Tloc      #.........   30%         2    ###....
 Gell's Gravitas          Tloc           #.........   36%         3    ####...
 Lesser Beckoning         Tloc           #.........   36%         3    ####...


Dungeon Overview and Level Annotations

Branches:
Dungeon (3/15)

Altars:


Message History

The crimson imp blinks!
The quokka barely misses you.
You hit the quokka but do no damage.
The quokka is severely wounded.
The quokka bites you.
You closely miss the quokka.
The quokka is severely wounded.
The quokka bites you but does no damage.
Blink to where?
Press: ? - help, Dir - move target cursor You are very lightly contaminated with residual magic.
As you read the scroll of blinking, it crumbles to dust.
Found 2 scrolls labeled UNKABB SU BOU.
The crimson imp closely misses you. The adder bites you.
* * * LOW HITPOINT WARNING * * *
You are lethally poisoned!
The adder poisons you! The worm bites you.
* * * LOW HITPOINT WARNING * * *
You climb downwards.
A rat, a worm and 5 orcs come into view.
You die...

.........
#.......
#.o.w..
#.ro..
#.o.. o..
#o# #@#
#w# 5..
#..##
..## ...
... #...


You could see 2 worms, an orc priest (sleeping), an orc wizard (sleeping), a
crimson imp, 3 orcs and a rat (sleeping).

Vanquished Creatures
  A leopard gecko (D:1)
  2 goblins (D:1)
  3 hobgoblins
  A kobold (D:2)
  A bat (D:1)
  A rat (D:1)
9 creatures vanquished.

Notes
Turn   | Place    | Note
-------+----------+-------------------------------------------
     0 | D:1      | Iko the Hill Orc Warper began the quest for the Orb.
     0 | D:1      | Reached XP level 1. HP: 18/18 MP: 3/3
   109 | D:1      | Reached skill level 3 in Axes
   109 | D:1      | Reached XP level 2. HP: 16/25 MP: 4/4
   182 | D:2      | Noticed a crimson imp
   213 | D:2      | HP: 1/25 [worm (5)]
   214 | D:3      | Succumbed to an adder's poison

Vault maps used:
D:1:      dpeg_arrival_erosion
D:2:      dancing_weapons_uskayaw, bloody_trog

Skill      XL: |  1 |
---------------+----+-----
Axes           | 3 |  3.0
Fighting       | |  2.4
Throwing       | |  0.8
Armour         | |  1.3
Dodging        | |  1.9
Spellcasting   | |  1.7
Translocations | |  2.4

Action                   || total
-------------------------++-------
Melee: Hand axe          ||    29
       Dagger            ||    26
  Use: Scroll            ||     2
Armor: Leather armour    ||    20
Dodge: Dodged            ||    48

Table legend:
 A = Spawn XP
 B = Non-spawn XP
 C = Spawn XP percentage of total XP
 D = Spawn monster count
 E = Non-spawn monster count
 F = Spawn count percentage of total count
 G = Total turns spent on level
                    A         B        C        D         E        F      G
               +---------+---------+-------+---------+---------+-------+---------
         Total |       0 |      16 |   0.0 |       0 |       9 |   0.0 |   214
               +---------+---------+-------+---------+---------+-------+---------
           D:1 |       0 |      10 |   0.0 |       0 |       6 |   0.0 |   152
           D:2 |       0 |       6 |   0.0 |       0 |       3 |   0.0 |    62
               +---------+---------+-------+---------+---------+-------+---------
